 Dungeon Crawl Stone Soup version 0.26.0-18-gc5c842f807 (webtiles) character file.

Game seed: 13306342802493842983

130901 SnakkuSnakku7 the Severer (level 17, -1/147 HPs)
             Began as a Barachi Hedge Wizard on Jan 24, 2021.
             Was the Champion of Trog.
             Slain by a shambling mangrove (24 damage)
             ... on level 3 of the Swamp.
             The game lasted 00:45:31 (32278 turns).

SnakkuSnakku7 the Severer (Barachi Hedge Wizard)   Turns: 32278, Time: 00:45:32

Health: -1/147     AC: 37    Str: 17    XL:     17   Next: 9%
Magic:  21/21      EV:  3    Int: 16    God:    Trog [******]
Gold:   763        SH: 17    Dex: 12    Spells: 22/22 levels left

rFire    . . .     SeeInvis +   a - +6 broad axe (elec)
rCold    . . .     Faith    +   L - +1 tower shield {rPois}
rNeg     . . .     Spirit   .   n - +3 crystal plate armour
rPois    +         Reflect  .   G - +1 helmet {SInv}
rElec    .         Harm     .   o - +2 cloak {rPois}
rCorr    .         Rampage  +   m - +0 pair of gloves
Will     +++..                  p - +1 pair of boots {rampage}
Stlth    ..........             P - amulet of faith
HPRegen  1.34/turn              N - +4 ring of protection
MPRegen  0.17/turn              z - +4 ring of evasion

@: grasped by roots, regenerating, constricted, slow
A: +LOS, swims, slowness 1, strong legs 2
a: Hop, Renounce Religion, Berserk, Trog's Hand, Brothers in Arms


You were on level 3 of the Swamp.
You worshipped Trog.
Trog was exalted by your worship.
You visited 5 branches of the dungeon, and saw 27 of its levels.
You visited the Abyss 1 time.
You also visited: Bailey and Ice Cave.

You collected 2717 gold pieces.
You spent 1954 gold pieces at shops.

Inventory:

Hand Weapons
 a - a +6 broad axe of electrocution (weapon)
 b - a +3 broad axe of flaming
Missiles
 d - 3 throwing nets
 t - 6 curare-tipped darts (quivered)
Armour
 m - a +0 pair of gloves (worn)
 n - a +3 crystal plate armour (worn)
 o - a +2 cloak of poison resistance (worn)
 p - a +1 pair of boots of rampaging (worn)
 G - a +1 helmet of see invisible (worn)
 L - a +1 tower shield of poison resistance (worn)
Jewellery
 k - an uncursed amulet of the acrobat
 r - a +4 ring of evasion
 y - an uncursed ring of ice
 z - a +4 ring of evasion (right hand)
 M - an uncursed ring of ice
 N - a +4 ring of protection (left hand)
 P - an amulet of faith (around neck)
Wands
 g - a wand of random effects (32)
 i - a wand of enslavement (31)
 j - a wand of disintegration (24)
 I - a wand of digging (5)
 J - a wand of flame (82)
 O - a wand of acid (23)
 R - a wand of paralysis (15)
 S - a wand of iceblast (22)
 V - a wand of polymorph (11)
Scrolls
 e - 5 scrolls of remove curse
 f - 3 scrolls of magic mapping
 q - 3 scrolls of fear
 s - 5 scrolls of teleportation
 u - a scroll of immolation
 w - 4 scrolls of fog
 A - a scroll of silence
 H - 3 scrolls of identify
Potions
 c - 3 potions of magic
 h - 3 potions of curing
 l - a potion of haste
 v - 4 potions of flight
 B - 3 potions of mutation
 C - a potion of resistance
 D - 8 potions of ambrosia
 F - 2 potions of brilliance
 K - 3 potions of berserk rage
 U - a potion of might
Miscellaneous
 x - a lightning rod (4/4)
 E - a tin of tremorstones (2/2)
 Q - a condenser vane


   Skills:
 + Level 17.1 Fighting
 - Level 20.0 Axes
 - Level 10.0 Armour
 - Level 10.0 Dodging
 - Level 1.7 Stealth
 - Level 10.0 Shields
 - Level 3.2 Spellcasting
 - Level 1.1 Conjurations
 - Level 1.2 Summonings
 - Level 1.1 Translocations
 - Level 10.0 Evocations


You had 22 spell levels left.
You didn't know any spells.
Your spell library contained the following spells:

 Spells                   Type           Power        Failure   Level
 Magic Dart               Conj           24%          100%        1
 Blink                    Tloc           N/A          100%        2
 Call Imp                 Summ           6%           100%        2
 Slow                     Hex            2%           100%        2
 Conjure Flame            Conj/Fire      4%           100%        3
 Mephitic Cloud           Conj/Pois/Air  3%           100%        3


Dungeon Overview and Level Annotations

Branches:
Dungeon (15/15)            Temple (1/1) D:5            Lair (6/6) D:9
  Swamp (2/4) Lair:4        Snake (0/4) Lair:2        Slime (0/5) Lair:6
    Orc (2/2) D:12            Elf (0/3) Orc:2        Vaults (0/5) D:14
 Depths (0/5) D:15         Bailey (visited)           IceCv (visited)

Altars:
Ashenzari
Cheibriados
Dithmenos
Elyvilon
Fedhas
Gozag
Hepliaklqana
Kikubaaqudgha
Makhleb
Nemelex Xobeh
Okawaru
Qazlal
Ru
Sif Muna
Trog
Uskayaw
Vehumet
Wu Jian
Xom
Yredelemnul
Zin
The Shining One
Beogh

Shops:
D:12 }   D:13 =   D:14 !   Orc:2 :[}:*[(*

Annotations:
D:6 1 runed translucent door, Myro's ghost, novice MiFi
Lair:1 exclusion: 3 oklob plants
Lair:3 exclusion: oklob plant
Lair:6 exclusion: 6 oklob plants


Innate Abilities, Weirdness & Mutations

You can be seen from farther away. (+LOS)
You can swim through water.
You cover ground slowly.
You can hop long distances.


Message History

* * * LOW HITPOINT WARNING * * *
The grasping roots constrict you!! You block the eleionoma's attack.
You block the fenstrider witch's attack.
The fenstrider witch kicks you but does no damage.
Your skin crawls.
You feel strong-willed.
You block the fenstrider witch's attack. x2
The eleionoma hurls a spray of splinters at you.
The spray of wooden splinters hits you but does no damage.
The grasping roots constrict you.
Unknown command.
As you read the scroll of fear, it crumbles to dust.
You assume a fearsome visage.
The shambling mangrove is unaffected.
The fenstrider witch easily resists.
The swamp dragon looks frightened!
The eleionoma resists with some effort.
The fenstrider witch hits you but does no damage.
You block the fenstrider witch's attack.
The eleionoma hurls a spray of splinters at you.
The spray of wooden splinters hits you but does no damage.
You die...

♣ ♣♣ ♣♣. ♣♣♣♣
≈.♣♣
≈.≈≈♣.♣.♣♣♣♣...♣
.≈.≈≈........≈♣
♣.....≈...≈.♣
..♣.≈≈≈H......♣
.......R@.≈..≈♣
≈......≈♣≈≈...♣
.♣...≈.. ≈.≈.≈≈♣
♣≈..D.[ ..≈≈.♣♣
.$§≈♣♣♣♣ ♣♣≈f≈..
.≈. .≈.§.. .!
..§≈♣ . ♣♣♣♣♣


You could see a shambling mangrove, an eleionoma, a swamp dragon (fleeing) and a
fenstrider witch.

Vanquished Creatures
  Kirke (Lair:4)
  2 orc warlords
  A frost giant (IceCv)
  A stone giant (Orc:1)
  Nessos (D:14)
  2 bunyips
  Azrael (Orc:2)
  2 eleionomae (Swamp:2)
  7 hydras
  Fannar (D:11)
  2 boulder beetles (Lair:5)
  A catoblepas (Lair:6)
  6 centaur warriors
  6 alligators
  4 two-headed ogres
  A deep troll shaman (Lair:6)
  3 orc high priests
  A tengu warrior (D:15)
  7 death yaks
  Sonja (Lair:2)
  Urug (Orc:2)
  2 unseen horrors
  2 skeletal warriors (D:15)
  3 goliath frogs
  4 bog bodies
  2 spriggan druids
  4 swamp dragons (Swamp:2)
  A flayed ghost (D:15)
  7 orc knights
  A necromancer (D:15)
  A wolf spider zombie (D:14)
  Pikel (D:8)
  A lindwurm (Lair:6)
  An ugly thing (D:12)
  3 deep elf magi
  A will-o-the-wisp (Swamp:2)
  5 orc sorcerers
  4 manticores
  4 cyclopes
  Maurice (D:10)
  16 elephants
  A frost giant skeleton (D:15)
  A stone giant skeleton (D:15)
  7 black mambas
  A guardian serpent (Lair:2)
  A gargoyle (D:15)
  Psyche (D:9)
  An ice statue (IceCv)
  9 cane toads
  A kobold demonologist (D:11)
  8 komodo dragons
  2 rime drakes
  A freezing wraith (D:15)
  2 ice devils (Lair:4)
  A tengu conjurer (D:15)
  3 trolls
  24 polar bears
  A queen bee (D:9)
  A jumping spider (shapeshifter) (D:15)
  A hornet (shapeshifter) (D:14)
  6 hornets
  A tyrant leech (Swamp:2)
  13 blink frogs
  6 slime creatures (D:12)
  18 dream sheep
  5 spriggans
  Sigmund (D:2)
  61 yaks
  A vampire (D:14)
  A centaur simulacrum (D:15)
  Eustachio (D:6)
  4 wyverns
  3 wraiths
  A shadow (D:13)
  3 fire elementals (Orc:2)
  2 hogs (Lair:4)
  16 humans (D:14)
  A steam dragon (D:11)
  2 vampire mosquitoes (D:14)
  5 basilisks
  Menkaure (D:5)
  A human zombie (D:15)
  2 wargs (Orc:2)
  7 swamp worms
  An acid dragon (D:14)
  12 water moccasins
  A tengu zombie (D:15)
  2 hell hounds (Orc:2)
  3 ice beasts
  2 eyes of draining (D:12)
  50 orc warriors
  2 swamp drakes
  4 black bears
  2 phantoms
  3 sky beasts
  21 ogres
  17 centaurs
  43 wolves
  2 lemures (D:8)
  A big kobold (D:9)
  26 bullfrogs
  A wyvern skeleton (D:9)
  A water moccasin zombie (D:8)
  3 scorpions
  33 killer bees
  24 wights
  4 howler monkeys
  3 electric eels (Lair:4)
  2 quasits
  6 centaur zombies
  2 bullfrog zombies
  8 hounds
  22 orc priests
  6 gnoll shamans
  Crazy Yiuf (D:4)
  2 jellies
  37 orc wizards
  2 bullfrog skeletons
  4 centaur skeletons
  Jessica (D:2)
  6 iguanas
  5 worker ants
  A hound zombie (D:7)
  A worker ant zombie (D:11)
  22 gnolls
  A howler monkey skeleton (D:5)
  10 adders
  2 shadow imps
  A white imp (D:9)
  An ufetubus (D:5)
  2 oozes (D:1)
  3 adder skeletons
  An adder zombie (D:5)
  3 worms
  A dart slug (D:1)
  2 leopard geckos
  121 orcs
  A ball python (D:3)
  5 giant cockroaches
  14 goblins
  10 hobgoblins
  6 jackals (D:2)
  3 quokkas
  7 bats
  6 frilled lizards
  12 kobolds
  A quokka skeleton (D:6)
  9 rats
956 creatures vanquished.

Vanquished Creatures (collateral kills)
  A manticore (D:10)
  A necrophage (D:10)
  A howler monkey (D:10)
3 creatures vanquished.

Vanquished Creatures (others)
  A bloated husk (Swamp:2)
  A hornet (Swamp:1)
  5 dream sheep (D:9)
  A human (Lair:4)
  2 hell hounds (Orc:2)
  A wolf (IceCv)
  An electric eel (Lair:4)
  4 orcs (Orc:2)
  4 foxfires (Swamp:2)
  41 fungi
  91 plants
  7 withered plants (D:15)
159 creatures vanquished.

Grand Total: 1118 creatures vanquished

Notes
Turn   | Place    | Note
-------+----------+-------------------------------------------
     0 | D:1      | SnakkuSnakku7 the Barachi Hedge Wizard began the quest for
                  | the Orb.
     0 | D:1      | Reached XP level 1. HP: 13/13 MP: 4/4
    96 | D:1      | Reached skill level 1 in Fighting
   219 | D:1      | Reached XP level 2. HP: 19/22 MP: 4/6
   613 | D:1      | Reached XP level 3. HP: 29/29 MP: 7/7
  1366 | D:1      | Reached XP level 4. HP: 37/37 MP: 8/8
  1569 | D:2      | Noticed Jessica
  1693 | D:2      | Reached skill level 5 in Fighting
  1704 | D:2      | Killed Jessica
  1705 | D:2      | Reached XP level 5. HP: 24/44 MP: 9/9
  1905 | D:2      | Found a burning altar of Makhleb.
  1907 | D:2      | Found a glowing silver altar of Zin.
  1907 | D:2      | Noticed an angel
  1907 | D:2      | Noticed a blizzard demon
  1921 | D:2      | Noticed Sigmund
  1941 | D:2      | Killed Sigmund
  1942 | D:2      | Reached skill level 4 in Axes
  1942 | D:2      | Reached XP level 6. HP: 27/51 MP: 10/10
  2841 | D:3      | Noticed a sky beast
  2866 | D:3      | Killed a sky beast
  2867 | D:3      | Reached skill level 5 in Axes
  2920 | D:3      | Reached XP level 7. HP: 45/56 MP: 11/11
  3050 | D:3      | Reached skill level 6 in Axes
  3620 | D:3      | Found a broken altar of Ashenzari.
  3926 | D:4      | Reached skill level 7 in Axes
  4200 | D:4      | Found a sparkling altar of Nemelex Xobeh.
  4301 | D:4      | Found a glowing golden altar of the Shining One.
  4343 | D:4      | Found a runed translucent door.
  4344 | D:4      | Noticed Crazy Yiuf
  4425 | D:4      | Killed Crazy Yiuf
  4529 | D:5      | Entered Level 5 of the Dungeon
  4572 | D:4      | Reached XP level 8. HP: 37/63 MP: 12/12
  4718 | D:5      | Reached skill level 8 in Axes
  4742 | D:5      | Noticed Menkaure
  4756 | D:5      | Killed Menkaure
  5028 | D:5      | Found a staircase to the Ecumenical Temple.
  5042 | Temple   | Entered the Ecumenical Temple
  5072 | Temple   | Became a worshipper of Trog the Wrathful
  5147 | D:5      | Reached skill level 9 in Axes
  5890 | D:5      | Reached skill level 10 in Axes
  6085 | D:6      | Reached XP level 9. HP: 35/68 MP: 13/13
  6314 | D:6      | Reached skill level 11 in Axes
  6623 | D:6      | Reached * piety under Trog
  6894 | D:6      | Noticed Eustachio
  6911 | D:6      | Killed Eustachio
  6912 | D:6      | Reached skill level 12 in Axes
  7386 | D:6      | Found a runed translucent door.
  7389 | D:6      | Noticed Myro's ghost (novice MiFi)
  7601 | D:7      | Found a hide-covered altar of Uskayaw.
  8359 | D:8      | Reached skill level 13 in Axes
  8391 | D:8      | Reached XP level 10. HP: 72/74 MP: 14/14
  8514 | D:8      | Reached ** piety under Trog
  8913 | D:8      | Noticed Pikel
  8937 | D:8      | Killed Pikel
  8938 | D:8      | Reached skill level 14 in Axes
  9035 | D:8      | Found a shadowy altar of Dithmenos.
  9175 | D:9      | Found a blossoming altar of Fedhas.
  9186 | D:9      | Noticed Psyche
  9193 | D:9      | Killed Psyche
  9823 | D:9      | Reached skill level 15 in Axes
 10132 | D:9      | Found a staircase to the Lair.
 10214 | D:9      | Reached *** piety under Trog
 10716 | D:9      | Reached skill level 16 in Axes
 10716 | D:9      | Reached XP level 11. HP: 62/80 MP: 15/15
 10885 | D:9      | Found a shimmering altar of Xom.
 12027 | D:10     | Entered Level 10 of the Dungeon
 12259 | D:10     | You fall into a shaft and drop 1 floor!
 12272 | D:11     | Reached **** piety under Trog
 12295 | D:11     | Noticed a two-headed ogre
 12296 | D:11     | Noticed a manticore
 12298 | D:11     | Noticed a two-headed ogre
 12299 | D:11     | Noticed Fannar
 12317 | D:11     | Paralysed by a hornet for 3 turns
 12324 | D:11     | Killed a two-headed ogre
 12325 | D:11     | Reached skill level 10 in Fighting
 12357 | D:12     | Noticed a cyclops
 12366 | D:12     | Killed a cyclops
 12367 | D:12     | Found Etaepp's Gadget Shop.
 12610 | D:11     | Noticed a manticore
 12620 | D:11     | Killed a manticore
 12624 | D:11     | Killed an unseen horror
 12626 | D:11     | Noticed a cyclops
 12632 | D:11     | Killed a cyclops
 12653 | D:10     | Killed a manticore
 12654 | D:10     | Reached skill level 1 in Armour
 13298 | D:10     | Reached XP level 12. HP: 102/102 MP: 16/16
 13378 | D:10     | Noticed Maurice
 13390 | D:10     | Killed Maurice
 13458 | D:10     | Reached skill level 5 in Armour
 14165 | Lair:1   | Entered Level 1 of the Lair of Beasts
 14463 | Lair:1   | You fall into a shaft and drop 1 floor!
 14819 | Lair:2   | Reached ***** piety under Trog
 14945 | Lair:2   | Found a staircase to the Snake Pit.
 14946 | Lair:2   | Noticed Sonja
 14960 | Lair:2   | Cast into level 2 of the Abyss (Sonja)
 14981 | Lair:2   | Escaped the Abyss
 15267 | Lair:2   | Killed Sonja
 15420 | Lair:2   | Noticed a four-headed hydra
 15434 | Lair:2   | Killed a four-headed hydra
 15449 | Lair:2   | Reached skill level 10 in Armour
 15464 | Lair:2   | Reached skill level 1 in Shields
 15894 | Lair:3   | Noticed a seven-headed hydra
 15902 | Lair:3   | Killed a seven-headed hydra
 16090 | Lair:3   | Reached skill level 5 in Shields
 16458 | Lair:3   | Gained mutation: You can hop long distances. [Barachi
                  | growth]
 16458 | Lair:3   | Reached XP level 13. HP: 84/108 MP: 17/17
 17201 | Lair:4   | Identified a scroll of acquirement
 17202 | Lair:4   | Acquired a +2 broad axe of electrocution
 17250 | Lair:4   | Noticed Kirke
 17269 | Lair:4   | Killed Kirke
 17311 | Lair:4   | Found a frozen archway.
 17334 | IceCv    | Entered an ice cave
 17739 | IceCv    | Received a gift from Trog
 17746 | IceCv    | Reached skill level 17 in Axes
 17961 | IceCv    | Noticed a frost giant
 17987 | IceCv    | Killed a frost giant
 18017 | IceCv    | Reached skill level 18 in Axes
 18057 | IceCv    | Identified Qaox's Volume of Cold
 18272 | Lair:4   | Found a staircase to the Swamp.
 19487 | Lair:5   | Reached XP level 14. HP: 115/115 MP: 18/18
 19535 | Lair:5   | Reached skill level 19 in Axes
 19845 | Lair:5   | Received a gift from Trog
 20579 | Lair:6   | Entered Level 6 of the Lair of Beasts
 21075 | Lair:6   | Reached skill level 20 in Axes
 21572 | Lair:6   | Reached ****** piety under Trog
 21727 | Lair:6   | Reached skill level 10 in Shields
 22021 | Lair:6   | Found a staircase to the Slime Pits.
 22275 | Lair:6   | Reached skill level 5 in Dodging
 22629 | Lair:1   | Reached XP level 15. HP: 104/120 MP: 19/19
 22638 | Lair:1   | Received a gift from Trog
 23504 | D:11     | Killed Fannar
 23793 | D:12     | Bought a condenser vane for 480 gold pieces
 24221 | D:12     | Received a gift from Trog
 24405 | D:12     | Found a staircase to the Orcish Mines.
 24748 | Orc:1    | Entered Level 1 of the Orcish Mines
 24765 | Orc:1    | Reached skill level 10 in Dodging
 24765 | Orc:1    | Reached skill level 1 in Evocations
 25277 | Orc:2    | Entered Level 2 of the Orcish Mines
 25277 | Orc:2    | Found Voar's Book Shoppe.
 25277 | Orc:2    | Noticed Urug
 25280 | Orc:2    | Found Seluv's Gadget Boutique.
 25305 | Orc:2    | Killed Urug
 25336 | Orc:2    | Received a gift from Trog
 25465 | Orc:2    | Found Niwioninau's Antique Armour Emporium.
 25489 | Orc:2    | Bought a glowing helmet for 217 gold pieces
 25489 | Orc:2    | Bought an ancient plate armour for 812 gold pieces
 25510 | Orc:2    | Identified the cursed +1 plate armour of Oderr {Will+} (You
                  | bought it in a shop on level 2 of the Orcish Mines)
 25535 | Orc:2    | Found a staircase to the Elven Halls.
 25541 | Orc:2    | Noticed Azrael
 25842 | Orc:2    | Found a roughly hewn altar of Beogh.
 25890 | Orc:1    | Noticed an orc warlord
 25898 | Orc:1    | Received a gift from Trog
 25903 | Orc:1    | Killed an orc warlord
 25904 | Orc:1    | Reached skill level 5 in Evocations
 26437 | Orc:2    | Noticed an orc warlord
 26453 | Orc:2    | Killed an orc warlord
 26889 | Orc:2    | Killed Azrael
 27512 | Orc:2    | Found Logroaq's General Store.
 27513 | Orc:2    | Found Pecostus's Book Boutique.
 27515 | Orc:2    | Found Metsul's Antique Armour Boutique.
 27515 | Orc:2    | Found Toghys's Antique Weapon Shop.
 27519 | Orc:2    | Bought a pair of embroidered boots for 195 gold pieces
 27541 | Orc:2    | Bought a scroll of magic mapping for 52 gold pieces
 27643 | Orc:2    | Found Veats's Assorted Antiques.
 27652 | Orc:2    | Bought a scroll of teleportation for 72 gold pieces
 27768 | D:13     | Found the +7 Spriggan's Knife {stab, EV+4 Stlth+}
 27788 | D:13     | Found Anyhocwu's Jewellery Shoppe.
 27871 | D:13     | Found a flagged portal.
 27881 | Bailey   | Entered a bailey
 27921 | Bailey   | Received a gift from Trog
 28067 | Bailey   | Got a warped pewter ring
 28133 | D:13     | Identified the ring of Quorhiv {Wiz rC+ Will- Dex+4} (You
                  | found it in a bailey)
 28524 | D:13     | Reached XP level 16. HP: 127/127 MP: 20/20
 28845 | D:14     | Found a gate to the Vaults.
 28845 | D:14     | Noticed Nessos
 28855 | D:14     | Reached skill level 10 in Evocations
 28881 | D:14     | Killed Nessos
 29067 | D:14     | Received a gift from Trog
 29121 | D:14     | Found Dicuok's Distillery.
 29139 | D:14     | Bought a potion of heal wounds for 70 gold pieces
 29139 | D:14     | Bought a potion of might for 56 gold pieces
 29284 | D:14     | Found a roughly hewn altar of Beogh.
 29730 | D:15     | Entered Level 15 of the Dungeon
 29914 | D:15     | Found an iron altar of Okawaru.
 30136 | D:15     | Found a staircase to the Depths.
 30242 | D:15     | Received a gift from Trog
 30599 | D:15     | Reached skill level 15 in Fighting
 30891 | Swamp:1  | Entered Level 1 of the Swamp
 32214 | Swamp:2  | Received a gift from Trog
 32222 | Swamp:2  | Reached XP level 17. HP: 146/146 MP: 21/21
 32272 | Swamp:2  | You fall into a shaft and drop 1 floor!
 32278 | Swamp:3  | Slain by a shambling mangrove

Illustrated notes

Levels and vault maps discovered:
D:1:      minmay_arrival_glassed_features, layout_basic,
          chequers_serial_rivers_micro_c
D:2:      layout_basic, grunt_temple_overflow_order_and_chaos_2, uniq_sigmund,
          uniq_jessica
D:3:      layout_loops_cross, lemuel_coloured_pillars_altar,
          chequers_serial_rivers_micro_a
D:4:      layout_rooms, kennysheep_mini, general_overflow_altar,
          uniq_crazy_yiuf_cottage
D:5:      layout_basic, minmay_temple_entry_tees, uniq_menkaure
D:6:      layout_gridville, ebering_ghost_reflecting_pool, uniq_eustachio
D:7:      statuecave_lemuel, layout_cave_pools, old_standard_altar
D:8:      layout_rooms, grunt_dithmenos_shadows, uniq_pikel
D:9:      layout_loops_corners, fedhas_ov_isle_minmay, kb_xom_exploding_sheep,
          minmay_lair_entry_grove, special_room [special_room_bee],
          minmay_misc_feat_rows, kennysheep_big_empty_room,
          minmay_fractal_squares_5, uniq_psyche
D:10:     kennysheep_seaside_town, layout_basic, uniq_maurice
D:11:     layout_cave_pools, uniq_fannar
D:12:     layout_rooms, david_orc_4, serial_shops, shop_fountains
D:13:     layout_cross, serial_glass, glass_columns_b, glass_columns_b,
          due_unseen_surprise, minmay_strange_pillars, enter_bailey_2,
          serial_shops, nicolae_shop_stone, minmay_puff
D:14:     layout_roguey [special_room_orc], david_vaults_3, interstate_on_off,
          serial_shops, shop, serial_corexii_hall, corexii_hall_statues_s,
          chequers_hall_statues_corner_a
D:15:     gammafunk_depths_entry_grave, layout_long_grid,
          okawaru_ov_weapons_minmay
Temple:   cyrus_circular_temple
Lair:1:   dpeg_oklob_gauntlet, layout_long_grid, serial_forest,
          infiniplex_forest_straight_2, infiniplex_forest_zigzag_2,
          infiniplex_forest_straight_3, infiniplex_forest_clump_diagonal,
          infiniplex_forest_end_double, infiniplex_forest_end_2,
          infiniplex_forest_clump_small, grunt_megastairs_4
Lair:2:   layout_loops_ring, minmay_snake_entry_spellcaster, uniq_sonja
Lair:3:   layout_gridlike, st_stairs_6, minmay_lair_oklob_bushes,
          small_statue_intersection
Lair:4:   layout_misc_corridors, minmay_swamp_entry_eels,
          portal_ice_cave_demonic_guard, uniq_kirke
Lair:5:   layout_cave_pods
Lair:6:   grunt_lair_end_beastmaster, layout_small_grid,
          minmay_slime_entry_oklob_enclosed, grunt_megastairs_5,
          serial_bayou_shore_a, lemuel_fruit_tree
Swamp:1:  layout_falls_marsh, evilmike_swamp_ruin_house_2, swamp_pool5
Swamp:2:  nzn_winding_woodlands_cross
          [nzn_winding_woodlands_5x15_river_crossing,
          nzn_winding_woodlands_5x15_crooked,
          nzn_winding_woodlands_5x15_lazy_stream,
          nzn_winding_woodlands_5x15_concentric,
          nzn_winding_woodlands_15x15_boxy_spiral], layout_basic_swamp,
          evilmike_swamp_ruin_house_3
Swamp:3:  layout_basic_swamp, hangedman_swamp_diagram, infiniplex_staircase_pool
Orc:1:    layout_diamond_mine
Orc:2:    st_orc_congregation, layout_diamond_mine, serial_shops, shop,
          nicolae_shop_behind_doors, shop, shop, lemuel_statue_altar, uniq_urug,
          uniq_nessos, uniq_azrael

Skill      XL: |  1  2  3  4  5  6  7  8  9 10 11 12 13 14 15 16 17 |
---------------+----------------------------------------------------+-----
Fighting       | 1 3 4 5 12 16 17 | 17.1
Axes           | 4 5 7 10 13 16 18 20 | 20.0
Armour         | 3 10 | 10.0
Shields        | 7 10 | 10.0
Dodging        | 6 10 | 10.0
Evocations     | 9 10 | 10.0
Stealth        | |  1.7
Spellcasting   | |  3.2
Conjurations   | |  1.1
Summonings     | |  1.2
Translocations | |  1.1

Action                   |  1- 3 |  4- 6 |  7- 9 | 10-12 | 13-15 | 16-18 || total
-------------------------+-------+-------+-------+-------+-------+-------++-------
Melee: Short sword       |   109 |       |       |       |       |       ||   109
       Dagger            |    12 |   164 |   194 |       |       |       ||   370
       War axe           |       |       |   170 |   748 |    41 |       ||   959
       Unarmed           |       |       |     3 |       |       |       ||     3
       Rapier            |       |       |    74 |   127 |       |       ||   201
       Whip              |       |       |       |    26 |    29 |       ||    55
       Broad axe         |       |       |       |       |  1248 |   464 ||  1712
Throw: Dart              |       |       |     5 |     5 |       |       ||    10
 Cast: Magic Dart        |    13 |       |       |       |       |       ||    13
Invok: Berserk           |       |       |     2 |    16 |    12 |     3 ||    33
       Trog's Hand       |       |       |       |    10 |     2 |     1 ||    13
       Brothers in Arms  |       |       |       |     1 |       |       ||     1
 Abil: Hop               |       |       |     5 |     8 |     5 |       ||    18
Evoke: Wand              |       |       |     6 |    25 |       |     1 ||    32
  Use: Scroll            |       |       |     3 |    20 |    18 |     7 ||    48
       Potion            |       |       |     2 |    11 |     1 |     1 ||    15
 Stab: Paralysed         |       |       |       |    15 |       |       ||    15
Armor: Robe              |     1 |       |       |       |       |       ||     1
       Ring mail         |    43 |    14 |       |       |       |       ||    57
       Plate armour      |       |    72 |   281 |   746 |   581 |       ||  1680
       Skin              |       |       |     1 |    41 |       |       ||    42
       Crystal plate arm |       |       |       |       |    10 |   262 ||   272
Dodge: Dodged            |    89 |    74 |    91 |    71 |   288 |    75 ||   688
Block: Tower shield      |       |       |    91 |   632 |   995 |   377 ||  2095
